 Dungeon Crawl Stone Soup version 0.26.1-2-gb8aa6d0cf2 (webtiles) character file.

Game seed: 17168789551487473741

44 FishyPogo the Changer (level 3, -8/26 HPs)
             Began as a Demonspawn Transmuter on Feb 23, 2021.
             Shot with an arrow by a centaur (13 damage)
             ... on level 3 of the Dungeon.
             The game lasted 00:05:42 (1862 turns).

FishyPogo the Changer (Demonspawn Transmuter)       Turns: 1862, Time: 00:05:42

Health: -8/26      AC:  2    Str: 10    XL:     3   Next: 39%
Magic:  6/6        EV: 12    Int: 15    God:
Gold:   144        SH:  5    Dex: 13    Spells: 0/6 levels left

rFire    . . .     SeeInvis .     - Unarmed
rCold    . . .     Faith    .   (no shield)
rNeg     . . .     Spirit   .   a - +0 robe
rPois    .         Reflect  +   (no helmet)
rElec    .         Harm     .   (no cloak)
rCorr    .         Rampage  .   (no gloves)
Will     .....                  (no boots)
Stlth    +.........             h - amulet of reflection
HPRegen  0.08/turn              (no ring)
MPRegen  0.10/turn              (no ring)

@: lethally poisoned (-8 -> -13)
A: claws 1
a: no special abilities


You were on level 3 of the Dungeon.
You visited 1 branch of the dungeon, and saw 3 of its levels.

You collected 144 gold pieces.

Inventory:

Missiles
 e - 14 poisoned darts (quivered)
 g - 101 stones
Armour
 a - a +0 robe (worn)
Jewellery
 h - an amulet of reflection (around neck)
Scrolls
 f - 2 scrolls of identify
 i - a scroll of blinking
Potions
 b - a potion of attraction
 c - 2 potions of curing
 d - 2 potions of might


   Skills:
 - Level 1.0 Fighting
 - Level 1.7 Dodging
 + Level 3.0 Unarmed Combat
 - Level 2.0 Spellcasting
 * Level 3.2 Transmutations


You couldn't memorise any spells.
You knew the following spells:

 Your Spells              Type           Power        Failure   Level
l - Spider Form           Tmut/Pois      3%           34%         3
u - Wereblood             Tmut           11%          9%          2
y - Beastly Appendage     Tmut           22%          6%          1

Your spell library contained the following spells:

 Spells                   Type           Power        Failure   Level
 Ice Form                 Ice/Tmut       6%           75%         4
 Blade Hands              Tmut           5%           86%         5


Dungeon Overview and Level Annotations

Branches:
Dungeon (3/15)

Altars:
Uskayaw


Innate Abilities, Weirdness & Mutations

You have sharp fingernails.


Message History

You block the goblin's attack.
You scratch the goblin.
You kill the goblin!
The centaur wields a +0 shortbow.
The centaur shoots an arrow.
You reflect the arrow off an invisible shield around you!
The arrow hits the centaur.
The kobold throws a poisoned dart.
The poisoned dart closely misses you.
The centaur shoots an arrow.
The arrow hits you!
The kobold throws a poisoned dart.
The poisoned dart hits you!
You are poisoned.
The centaur shoots an arrow.
The arrow hits you!
* * * LOW HITPOINT WARNING * * *
Items here: (( ) †.
* * * LOW HITPOINT WARNING * * *
You feel sick.
There is an open door, spattered with blood here.
* * * LOW HITPOINT WARNING * * *
You feel sick.
The centaur shoots an arrow.
The arrow hits you!
Ouch! That really hurt!
You die...

.. ####### .(.
#.....#....
#.....#cK..
#..........
#..........
#..)......
############(........
#.........@'(........
#.##########.$...!...
#.#....<# #.........
#.#.##### #.........
#...# ##+#######
#####


You could see a centaur.

Vanquished Creatures
  A worm (D:2)
  A dart slug (D:1)
  3 giant cockroaches
  5 goblins
  4 hobgoblins
  6 kobolds
  A quokka (D:2)
  7 bats
  6 frilled lizards
  5 rats
39 creatures vanquished.

Notes
Turn   | Place    | Note
-------+----------+-------------------------------------------
     0 | D:1      | FishyPogo the Demonspawn Transmuter began the quest for the
                  | Orb.
     0 | D:1      | Reached XP level 1. HP: 15/15 MP: 3/3
   335 | D:1      | Gained mutation: You have sharp fingernails. [demonic
                  | ancestry]
   335 | D:1      | Reached XP level 2. HP: 21/21 MP: 5/5
  1188 | D:2      | Reached XP level 3. HP: 22/26 MP: 6/6
  1192 | D:2      | Learned a level 3 spell: Spider Form
  1258 | D:2      | Learned a level 2 spell: Wereblood
  1536 | D:2      | Found a hide-covered altar of Uskayaw.
  1857 | D:3      | Noticed a centaur
  1862 | D:3      | Shot with an arrow by a centaur

Illustrated notes

Levels and vault maps discovered:
D:1:      saegor_arrival_simple_e, layout_loops_ring
D:2:      layout_rooms, old_standard_altar, serial_bayou, serial_bayou_pond_e,
          serial_bayou_pond_b, serial_bayou_pond_c, serial_bayou_crossing,
          chequers_garden, minmay_cut_off
D:3:      layout_basic, portal_sewer_entry_a, patterned_corridor

Skill      XL: |  1  2  3 |
---------------+----------+-----
Transmutations | 2 3 |  3.2
Unarmed Combat | 3 |  3.0
Fighting       | |  1.0
Dodging        | |  1.7
Spellcasting   | |  2.0

Action                   || total
-------------------------++-------
Melee: Unarmed           ||    83
       Short sword       ||    10
       Kick              ||    11
       Headbutt          ||     8
       Punch             ||     2
Throw: Dart              ||     3
 Cast: Beastly Appendage ||    20
  Use: Scroll            ||     5
 Stab: Sleeping          ||     1
Armor: Robe              ||    17
Dodge: Dodged            ||    60
Block: Other             ||     2
       Reflection        ||     1
